 Dungeon Crawl Stone Soup version 0.28-a0-1117-g0bdd5ba030 (webtiles) character file.

Game seed: 7030368006556507391

3792 fragbeetle the Transmogrifier (level 10, -6/76 HPs)
             Began as a Merfolk Transmuter on Dec 11, 2021.
             Was a Follower of Makhleb.
             Mangled by a two-headed ogre (19 damage)
             ... on level 8 of the Dungeon on Dec 12, 2021.
             The game lasted 00:35:50 (10813 turns).

fragbeetle the Transmogrifier (Merfolk Transmuter) Turns: 10813, Time: 00:35:52

Health: -6/76      AC:  2    Str: 19    XL:     10   Next: 16%
Magic:  15/16      EV: 27    Int: 19    God:    Makhleb [*.....]
Gold:   102        SH:  0    Dex: 23    Spells: 9/17 levels left

rFire   x . .      SeeInvis .     - Unarmed
rCold   . . .      Faith    .   (shield currently unavailable)
rNeg    . . .      Spirit   .   (armour currently unavailable)
rPois   x          Reflect  .   (helmet currently unavailable)
rElec   .          Harm     .   (cloak currently unavailable)
rCorr   .          Rampage  .   (gloves currently unavailable)
Will    +....                   (boots currently unavailable)
Stlth   +++.......              (no amulet)
HPRegen 0.22/turn               D - ring of Harmony {rF- Will+ Str+4 Int+6 Dex+4}
MPRegen 0.15/turn               t - ring of wizardry

@: spider-form
A: venomous fangs, tiny, (nimble swimmer 2), (mertail)
a: End Transformation, Renounce Religion


You were on level 8 of the Dungeon.
You worshipped Makhleb.
Makhleb was aware of your devotion.
You were a venomous arachnid creature.
You visited 2 branches of the dungeon, and saw 9 of its levels.

You collected 486 gold pieces.
You spent 384 gold pieces at shops.

Inventory:

Missiles
 j - 118 stones
 k - 2 throwing nets
Armour
 h - the +2 helmet of Limitation {+Blink rPois Dex+3 Slay-6}
   (You found it on level 7 of the Dungeon)

   Dex:       It affects your dexterity (+3).
   Slay:      It affects your accuracy & damage with ranged weapons and melee
   (-6).
   rPois:     It protects you from poison.
   +Blink:    It lets you blink.
 r - a +1 leather armour of willpower (melded)
 F - a +2 pair of gloves (melded)
 G - a +0 pair of boots (melded)
Jewellery
 b - a ring of poison resistance
 t - a ring of wizardry (right front leg)
 w - a +4 ring of evasion
 D - the ring of Harmony (left front leg) {rF- Will+ Str+4 Int+6 Dex+4}
   (You found it on level 7 of the Dungeon)

   [ring of intelligence]

   Str:       It affects your strength (+4).
   Int:       It affects your intelligence (+6).
   Dex:       It affects your dexterity (+4).
   rF:        It makes you vulnerable to fire.
   Will:      It increases your willpower.
Wands
 s - a wand of iceblast (9)
 u - a wand of acid (13)
 z - a wand of paralysis (6)
Scrolls
 c - 3 scrolls of noise
 g - 4 scrolls of magic mapping
 i - a scroll of summoning
 l - 2 scrolls of fear
 m - 2 scrolls of vulnerability {unknown}
 n - 5 scrolls of teleportation
 q - a scroll of torment {unknown}
 y - 3 scrolls of blinking
 A - a scroll of immolation
 B - a scroll of enchant weapon
 H - a scroll of amnesia
 I - a scroll of identify
Potions
 a - a potion of haste {unknown}
 d - 2 potions of flight
 e - 2 potions of magic
 f - 3 potions of resistance
 o - 7 potions of curing
 p - 2 potions of mutation
 v - a potion of lignification
 x - a potion of invisibility
 C - 2 potions of heal wounds
 E - a potion of might {unknown}


   Skills:
 * Level 6.0 Fighting
 + Level 2.0 Armour
 * Level 7.9 Dodging
 + Level 2.7 Stealth
 + Level 7.8 Unarmed Combat
 + Level 4.3 Spellcasting
 * Level 8.5 Transmutations
 + Level 3.1 Ice Magic
 + Level 4.4 Poison Magic


You had 9 spell levels left.
You knew the following spells:

 Your Spells              Type           Power      Damage    Failure   Level
a - Beastly Appendage     Tmut           72%        N/A       1%          1
b - Spider Form           Tmut/Pois      28%        N/A       4%          3
c - Ice Form              Ice/Tmut       26%        N/A       12%         4

Your spell library contained the following spells:

 Spells                   Type           Power      Damage    Failure   Level
 Sting                    Tmut/Pois      100%       1d8       1%          1
 Wereblood                Tmut           36%        N/A       1%          2
 Passwall                 Tmut/Erth      16%        N/A       4%          2
 Poisonous Vapours        Pois/Air       24%        N/A       9%          2
 Pain                     Necr           16%        1d4       12%         1
 Sandblast                Erth           8%         2d5       12%         1
 Slow                     Hex            16%        N/A       12%         1
 Summon Small Mammal      Summ           16%        N/A       12%         1
 Olgreb's Toxic Radiance  Pois           21%        N/A       19%         4
 Call Canine Familiar     Summ           4%         N/A       28%         3
 Confusing Touch          Hex            4%         N/A       28%         3
 Gell's Gravitas          Tloc           4%         N/A       28%         3
 Lesser Beckoning         Tloc           4%         N/A       28%         3
 Stone Arrow              Conj/Erth      8%         3d7       28%         3
 Summon Guardian Golem    Hex/Summ       4%         N/A       28%         3
 Teleport Other           Tloc           4%         N/A       28%         3
 Yara's Violent Unravell  Hex/Tmut       10%        3d6       41%         5
 Agony                    Necr           4%         N/A       89%         5
 Excruciating Wounds      Necr           2%         N/A       89%         5
 Dispersal                Tloc           2%         N/A       100%        6


Dungeon Overview and Level Annotations

Branches:
Dungeon (8/15)             Temple (1/1) D:7
   Lair: D:8-11

Altars:
Ashenzari
Cheibriados
Dithmenos
Elyvilon
Fedhas
Gozag
Hepliaklqana
Kikubaaqudgha
Makhleb
Nemelex Xobeh
Okawaru
Qazlal
Ru
Sif Muna
Trog
Uskayaw
Vehumet
Wu Jian
Xom
Yredelemnul
Zin
The Shining One

Shops:
D:6 ?   D:7 ?=[   D:8 (

Annotations:
D:4 2 transporters, KennySheep's ghost, amateur DECj
D:8 2 runed translucent doors, siradein's ghost, novice DrFi


Innate Abilities, Weirdness & Mutations

You are a venomous arachnid creature.
You have poisonous fangs.
You are tiny and dextrous.
Your spellcasting is less reliable in this form.
Your armour is entirely melded.
You are incapable of wielding weapons or throwing items.
((You are quick and stealthy near water. (Stealth+, EV+, Speed+++)))
((Your lower body shifts to a powerful aquatic tail in water.))


Message History

You hit the two-headed ogre.
The two-headed ogre is lightly wounded.
You bite the two-headed ogre!
The two-headed ogre looks as sick as possible!
The two-headed ogre is moderately wounded.
The two-headed ogre misses you.
The two-headed ogre completely misses you.
You hit the two-headed ogre but do no damage.
The two-headed ogre looks as sick as possible!
The two-headed ogre is moderately wounded.
You bite the two-headed ogre!
The two-headed ogre looks as sick as possible!
The two-headed ogre is moderately wounded.
The two-headed ogre hits you with a +0 giant club!!
The two-headed ogre completely misses you.
You hit the two-headed ogre.
The two-headed ogre looks as sick as possible!
The two-headed ogre is heavily wounded.
The two-headed ogre completely misses you.
The two-headed ogre hits you with a +0 giant spiked club!!
You hit the two-headed ogre.
The two-headed ogre looks as sick as possible!
The two-headed ogre is heavily wounded.
You bite the two-headed ogre!
The two-headed ogre looks as sick as possible!
The two-headed ogre is severely wounded.
The two-headed ogre completely misses you.
The two-headed ogre barely misses you.
You hit the two-headed ogre.
The two-headed ogre is almost dead.
The two-headed ogre barely misses you. x2
You hit the two-headed ogre.
The two-headed ogre is almost dead.
You hit the two-headed ogre.
The two-headed ogre looks as sick as possible!
The two-headed ogre is almost dead.
The two-headed ogre hits you with a +0 giant club!!
* * * LOW HITPOINT WARNING * * *
The two-headed ogre hits you with a +0 giant spiked club!!
You die...

.........#.............#.#
.........................#
.........#.............###
.........##...........##
.........###.........##
.........####.......##
....#.....##.........#
#####.#######.......## #.#
##..s..## #####.# ##.O.##
......# #.....# .###..#
##...## .+3#..### ##.##
.###....### ...
............ #.#
....<....... ###
####........


You could see a two-headed ogre (extremely poisoned).

Vanquished Creatures
  A two-headed ogre (D:8)
  Pikel (D:4)
  Grinder (D:6)
  A wyvern (D:7)
  2 water moccasins
  A black bear (D:5)
  An orc warrior (D:8)
  2 ice beasts
  A necrophage (D:6)
  2 centaurs
  3 lemures (D:4)
  2 ogres
  2 phantoms (D:6)
  A kobold brigand (D:5)
  2 scorpions
  A wyvern zombie (D:6)
  A water moccasin skeleton (D:5)
  3 wights (D:8)
  3 electric eels (D:6)
  3 howler monkeys
  2 centaur zombies
  A bullfrog zombie (D:7)
  2 hounds
  An orc priest (D:7)
  A bullfrog skeleton (D:5)
  2 gnoll shamans (D:8)
  2 orc wizards (D:7)
  2 killer bee zombies (D:6)
  10 gnolls
  5 adders
  3 shadow imps (D:6)
  A white imp (D:5)
  An adder skeleton (D:4)
  2 worms
  20 orcs
  6 bats
  13 endoplasms
  2 giant cockroaches
  9 goblins
  2 hobgoblins (D:1)
  8 jackals
  8 kobolds
  5 quokkas
  2 ball pythons
  4 frilled lizards
  A quokka skeleton (D:4)
  6 rats
155 creatures vanquished.

Vanquished Creatures (others)
  2 fungi (D:3)
  10 plants
  3 toadstools (D:3)
15 creatures vanquished.

Grand Total: 170 creatures vanquished

Notes
Turn   | Place    | Note
-------+----------+-------------------------------------------
     0 | D:1      | fragbeetle the Merfolk Transmuter began the quest for the
                  | Orb.
     0 | D:1      | Reached XP level 1. HP: 15/15 MP: 3/3
   325 | D:1      | Reached XP level 2. HP: 15/21 MP: 3/5
   551 | D:1      | Reached skill level 3 in Transmutations
   857 | D:1      | Found a faded altar of an unknown god.
  1034 | D:1      | Reached XP level 3. HP: 27/27 MP: 4/6
  1847 | D:2      | Learned a level 3 spell: Spider Form
  2245 | D:2      | Reached XP level 4. HP: 4/33 MP: 5/7
  2247 | D:2      | HP: 1/33 [quokka (4)]
  3187 | D:3      | You fall into a shaft and drop 2 floors!
  3187 | D:5      | Entered Level 5 of the Dungeon
  3261 | D:5      | Noticed an ogre
  3359 | D:5      | Killed an ogre
  3360 | D:5      | Reached skill level 1 in Poison Magic
  3360 | D:5      | Reached XP level 5. HP: 28/39 MP: 4/8
  3477 | D:5      | Reached skill level 4 in Transmutations
  3657 | D:5      | Noticed a centaur
  3809 | D:4      | Found a transporter.
  3810 | D:4      | Noticed KennySheep's ghost (amateur DECj)
  3916 | D:3      | Reached skill level 1 in Stealth
  4645 | D:4      | Found a snail-covered altar of Cheibriados.
  4730 | D:4      | Reached XP level 6. HP: 40/46 MP: 9/9
  5032 | D:4      | Found a transporter.
  5323 | D:4      | Noticed Pikel
  5338 | D:4      | Killed Pikel
  5339 | D:4      | Reached skill level 5 in Dodging
  5339 | D:4      | Reached skill level 5 in Unarmed Combat
  5339 | D:4      | Reached skill level 5 in Transmutations
  5339 | D:4      | Reached XP level 7. HP: 22/52 MP: 4/11
  5827 | D:5      | Reached XP level 8. HP: 48/60 MP: 9/12
  5988 | D:5      | Reached skill level 1 in Armour
  6608 | D:5      | Reached skill level 6 in Transmutations
  7150 | D:6      | Learned a level 4 spell: Ice Form
  7179 | D:6      | Found Osouq's Magic Scroll Boutique.
  7187 | D:6      | Bought a scroll of immolation for 35 gold pieces
  7187 | D:6      | Bought a scroll of magic mapping for 35 gold pieces
  7187 | D:6      | Bought a scroll of teleportation for 30 gold pieces
  7187 | D:6      | Bought a scroll of identify for 20 gold pieces
  7189 | D:6      | Bought a scroll of enchant weapon for 75 gold pieces
  7189 | D:6      | Bought a scroll of blinking for 75 gold pieces
  7375 | D:6      | Reached XP level 9. HP: 41/66 MP: 10/14
  8174 | D:6      | Noticed Grinder
  8193 | D:6      | Paralysed by Grinder for 4 turns
  8194 | D:6      | Killed Grinder
  8195 | D:6      | Reached skill level 1 in Ice Magic
  8329 | D:6      | Reached skill level 7 in Transmutations
  8403 | D:6      | Reached skill level 5 in Fighting
  8577 | D:7      | Found Soxapt's Armour Shop.
  8579 | D:7      | Found Gary Qiu's Jewellery Shop.
  8674 | D:7      | Found a staircase to the Ecumenical Temple.
  8692 | Temple   | Entered the Ecumenical Temple
  8865 | Temple   | Became a worshipper of Makhleb the Destroyer
  9024 | D:7      | Identified the +2 helmet of Limitation {+Blink rPois Dex+3
                  | Slay-6}
  9416 | D:7      | Identified the ring of Harmony {rF- Will+ Str+4 Int+6
                  | Dex+4}
  9580 | D:7      | Found Lifacik's Magic Scroll Boutique.
  9620 | D:7      | Bought a scroll of amnesia for 42 gold pieces
  9620 | D:7      | Bought a scroll of identify for 24 gold pieces
  9620 | D:7      | Bought a scroll of identify for 24 gold pieces
  9628 | D:7      | Bought a scroll of identify for 24 gold pieces
  9984 | D:8      | Found Keatan's Antique Weapon Shoppe.
  9991 | D:8      | Noticed a two-headed ogre
  9998 | D:8      | Killed a two-headed ogre
  9999 | D:8      | Reached skill level 8 in Transmutations
  9999 | D:8      | Reached XP level 10. HP: 48/76 MP: 13/16
 10308 | D:8      | Found a runed translucent door.
 10309 | D:8      | Noticed a sixfirhy
 10407 | D:8      | Noticed siradein's ghost (novice DrFi)
 10408 | D:8      | Found a runed translucent door.
 10544 | D:8      | Reached * piety under Makhleb
 10797 | D:8      | Noticed a two-headed ogre
 10813 | D:8      | Mangled by a two-headed ogre

Illustrated notes

Levels and vault maps discovered:
D:1:      dpeg_arrival_rooms_with_view, layout_basic,
          ebering_ecumenical_altar_hall
D:2:      layout_rooms
D:3:      layout_loops_ring, minmay_gold_behind_fungi
D:4:      layout_basic, mainiacjoe_overflow_brackets,
          gammafunk_ghost_stat_death, uniq_pikel
D:5:      layout_basic, lexackson_kobold_supper
D:6:      layout_gridville, serial_shops, shop, chequers_big_river, uniq_grinder
D:7:      layout_basic, minmay_temple_entry_butterflies, serial_shops, shop,
          nicolae_shop_advertising_works [nicolae_subvault_shop_adworks], shop,
          serial_rivers, chequers_serial_rivers_small_a,
          chequers_serial_rivers_marsh, chequers_serial_rivers_small_a,
          chequers_serial_rivers_small_b
D:8:      cheibrodos_shockbox, layout_rooms, serial_rivers,
          chequers_serial_rivers_micro_a, chequers_serial_rivers_room_b,
          chequers_serial_rivers_micro_d, chequers_serial_rivers_micro_a,
          chequers_serial_rivers_micro_b, chequers_serial_rivers_room_a,
          serial_shops, kennysheep_mini, hellmonk_ghost_happy_afterlife,
          nicolae_figureground_pulse
Temple:   mainiacjoe_temple_archimedes_tessellation

Skill      XL: |  1  2  3  4  5  6  7  8  9 10 |
---------------+-------------------------------+-----
Transmutations | 3 4 5 6 8 |  8.5
Dodging        | 3 4 5 6 7 |  7.9
Fighting       | 2 3 4 5 6 |  6.0
Unarmed Combat | 4 5 6 7 |  7.8
Poison Magic   | 1 3 4 |  4.4
Stealth        | 1 2 |  2.7
Spellcasting   | 3 4 |  4.3
Armour         | 1 2 |  2.0
Ice Magic      | 2 3 |  3.1

Action                   |  1- 3 |  4- 6 |  7- 9 | 10-12 || total
-------------------------+-------+-------+-------+-------++-------
Melee: Unarmed           |   112 |   183 |   235 |    60 ||   590
       Headbutt          |    13 |    19 |    18 |       ||    50
       Punch             |     1 |       |     4 |       ||     5
 Cast: Beastly Appendage |    25 |    21 |    10 |       ||    56
       Spider Form       |       |     8 |    25 |     5 ||    38
       Ice Form          |       |       |     1 |     2 ||     3
  Use: Potion            |     1 |       |     1 |       ||     2
       Scroll            |       |       |    12 |       ||    12
 Stab: Sleeping          |       |     3 |     1 |       ||     4
       Distracted        |       |       |     1 |       ||     1
Armor: Robe              |    14 |    11 |       |       ||    25
       Leather armour    |       |     9 |    19 |       ||    28
       Skin              |       |     3 |     5 |    10 ||    18
Dodge: Dodged            |    56 |   111 |   172 |    49 ||   388

Table legend: (Time is in decaauts)
 A = Elapsed time spent in this place.
 B = Non-inter-level travel time spent in this place.
 C = Inter-level travel time spent in this place.
 D = Time resting spent in this place.
 E = Time spent auto-exploring this place.
 F = Levels seen in this place.
 G = Mean time per level.
                   A        B        C        D        E       F      G
               +--------+--------+--------+--------+--------+-----+--------+
         Total |  10682 |  10472 |    210 |   3321 |   3627 |   9 | 1186.9 |
       Dungeon |  10421 |  10236 |    185 |   3303 |   3468 |   8 | 1302.6 |
        Temple |    261 |    237 |     24 |     18 |    158 |   1 |  261.0 |
               +--------+--------+--------+--------+--------+-----+--------+

Top non-repeatable levels by time:
     D:5: 1827 daAuts
     D:1: 1759 daAuts
     D:6: 1372 daAuts
     D:4: 1214 daAuts
     D:7: 1206 daAuts
     D:3: 1119 daAuts
     D:2: 1088 daAuts
     D:8: 831 daAuts
  Temple: 261 daAuts
